 Dungeon Crawl Stone Soup version 0.14-a0-852-g0ba292f (webtiles) character file.

107 JacquesDerrida the Cudgeler (level 3, -8/26 HPs)
             Began as a Demonspawn Skald on Nov 15, 2013.
             Mangled by a gnoll
             ... wielding a +1,+2 halberd
              (13 damage)
             ... on Level 2 of the Dungeon.
             The game lasted 00:03:38 (1508 turns).

JacquesDerrida the Cudgeler (Demonspawn Skald)      Turns: 1508, Time: 00:03:39

HP  -8/26        AC  3     Str 12      XL: 3   Next: 82%
MP   1/6         EV 10     Int 16 (19) God:
Gold 47          SH  0     Dex 12      Spells:  3 memorised,  0 levels left

Res.Fire  : . . .   See Invis. : .   a - +0 mace
Res.Cold  : . . .   Warding    : .   b - +0 leather armour
Life Prot.: . . .   Conserve   : .   (no shield)
Res.Poison: .       Res.Corr.  : .   (no helmet)
Res.Elec. : .       Clarity    : .   (no cloak)
Sust.Abil.: . .     Spirit.Shd : .   (no gloves)
Res.Mut.  : .       Stasis     : .   (no boots)
Res.Rott. : .       Flight     : +   (no amulet)
Saprovore : . . .                    (no ring)
                                     (no ring)

@: brilliant, flying, very slightly contaminated, not resistant to hostile
enchantments, unstealthy
A: talons 1, demonic guardian 1
a: no special abilities


You were on level 2 of the Dungeon.
You were not hungry.

You visited 1 branch of the dungeon, and saw 2 of its levels.

You collected 47 gold pieces.

Inventory:

Hand weapons
 a - a +0,+0 mace (weapon)
Armour
 b - a +0 leather armour (worn)
Comestibles
 d - a bread ration
Scrolls
 e - a scroll of teleportation {unknown}
 f - a scroll of enchant weapon I {unknown}
 h - a scroll of enchant weapon II {unknown}
 j - a scroll of fog {unknown}
Books
 c - a book of Battle

   Spells                             Type                      Level
   *Infusion                          Charms                       1
   *Shroud of Golubria                Charms/Translocation         2
   Song of Slaying                    Charms                       2
   *Spectral Weapon                   Hexes/Charms                 3
   Regeneration                       Charms/Necromancy            3


   Skills:
 - Level 2.0 Fighting
 + Level 3.8 Maces & Flails
 - Level 0.8 Armour
 - Level 0.8 Dodging
 - Level 2.0 Spellcasting
 - Level 2.6 Charms


You couldn't memorise any spells.
You knew the following spells:

 Your Spells              Type           Power        Failure   Level  Hunger
a - Infusion              Chrm           ###...       1%          1    #......
b - Shroud of Golubria    Chrm/Tloc      ###.......   2%          2    ###....
c - Spectral Weapon       Hex/Chrm       ###.....     4%          3    ####...


Dungeon Overview and Level Annotations

Branches:
Dungeon (2/16)

Altars:
Xom


Innate Abilities, Weirdness & Mutations

You have sharp toenails.
A weak demonic guardian rushes to your aid.


Message History

You completely miss the gnoll. You claw the gnoll.
You kill the gnoll!
The gnoll hits you from afar with a halberd.
* * * LOW HITPOINT WARNING * * *
Casting: Shroud of Golubria
Confirm with . or Enter, or press ? or * to list all spells.
You miscast Spectral Weapon.
You are very lightly contaminated with residual magic.
Strange energies run through your body.
Unknown command.
Casting: Spectral Weapon
Confirm with . or Enter, or press ? or * to list all spells.
You don't have enough magic to cast that spell.
Unknown command.
Casting: Spectral Weapon
Confirm with . or Enter, or press ? or * to list all spells.
Your attacks are magically infused.
The gnoll hits you from afar with a halberd!
Ouch! That really hurt!
You die...

########### #######
#.<....g).########...#####
#.#######@##...###...###.. #.#
###....###...###.. ########.#
##..#[.##.....##.. #........#
#..##..#...#...#.. #..#####g#
#..###.(..###....# ....%..gg#
#..###....###....#
...#####.#######.(####...###...##
.#.# #......%...###############
...# ##.#......##


You could see a gnoll.

Vanquished Creatures
  A gnoll (D:2)
  2 adders (D:2)
  5 bats
  4 hobgoblins
  2 jackals (D:2)
  3 giant cockroaches (D:1)
  A giant gecko (D:1)
  5 goblins
  6 kobolds
  2 rats (D:1)
31 creatures vanquished.

Vanquished Creatures (collateral kills)
  A gnoll (D:2)
1 creature vanquished.

Vanquished Creatures (others)
  A crimson imp (D:2)
  A lemure (D:2)
  A white imp (D:2)
3 creatures vanquished.

Grand Total: 35 creatures vanquished

Notes
Turn   | Place    | Note
--------------------------------------------------------------
     0 | D:1      | JacquesDerrida, the Demonspawn Skald, began the quest for the Orb.
     0 | D:1      | Reached XP level 1. HP: 15/15 MP: 3/3
    22 | D:1      | Found a shimmering altar of Xom.
   280 | D:1      | Gained mutation: A weak demonic guardian rushes to your aid. [demonic ancestry]
   280 | D:1      | Reached XP level 2. HP: 19/21 MP: 5/5
   971 | D:2      | Reached skill level 3 in Maces & Flails
   971 | D:2      | Gained mutation: You have sharp toenails. [demonic ancestry]
   971 | D:2      | Reached XP level 3. HP: 16/26 MP: 1/6
  1295 | D:2      | Learned a level 2 spell: Shroud of Golubria
  1299 | D:2      | Learned a level 3 spell: Spectral Weapon
  1508 | D:2      | Mangled by a gnoll

Action                   || total
-------------------------++-------
Melee: Mace              ||   105
 Cast: Infusion          ||     3
       Shroud of Golubri ||     1
  Use: Potion            ||     3
